Map: Pillars of Gold LE

Players

RazerBlader - Winner!

  • Race: Terran Terran
  • League: Grandmaster
  • Spawn Location: 1:00

TeebuL

  • Race: Protoss Protoss
  • Spawn Location: 7:00

Event: DreamHack SC2 Masters 2020 Winter

VOD

Have the link to the VOD?

Description

Time

  • Played on: Oct. 24, 2020, 5:23 a.m.
  • Length: 8:46

All games in this series

Show
View Real Time Build Order
Export as new Build Order

RazerBlader Terran - Winner!

Build Orders: Reaper Expand 

Get SALT Encoding   

  12  0:00  SCV  
  13  0:12  SCV  
  14  0:17  Supply Depot  
  14  0:24  SCV  
  15  0:39  SCV, Barracks  
  16  0:44  Refinery  
  16  0:51  SCV  
  17  1:03  SCV  
  18  1:15  SCV  
  19  1:27  Orbital Command  
  19  1:28  Reaper  
  20  1:47  Command Center  
  20  1:54  SCV  
  20  1:59  Supply Depot  
  21  2:02  Marine  
  21  2:06  SCV  
  23  2:15  Factory  
  23  2:24  Bunker  
  23  2:25  SCV  
  23  2:27  Barracks Reactor  
  24  2:37  SCV, Refinery  
  25  2:52  SCV  
  26  2:59  Hellion  
  26  3:00  Starport  
  26  3:02  Orbital Command  
  28  3:05  SCV  
  28  3:09  Marine  
  28  3:11  Marine  
  31  3:18  SCV  
  32  3:22  Widow Mine  
  34  3:27  Marine  
  34  3:29  Marine  
  34  3:31  SCV  
  34  3:33  Supply Depot  
  37  3:39  Medivac  
  37  3:41  SCV  
  40  3:45  Widow Mine  
  40  3:47  Marine  
  40  3:48  Marine  
  44  3:49  SCV  
  44  3:53  Supply Depot  
  44  3:54  SCV  
  45  4:04  SCV  
  45  4:06  SCV  
  45  4:07  Factory Tech Lab  
  45  4:09  Starport Tech Lab  
  47  4:13  Marine x2  
  47  4:16  SCV, Supply Depot  
  50  4:18  SCV  
  51  4:26  Siege Tank  
  51  4:28  SCV  
  51  4:30  SCV  
  56  4:31  Barracks  
  56  4:38  Raven  
  56  4:39  Barracks  
  56  4:40  SCV  
  56  4:42  Marine x2  
  56  4:43  SCV  
  60  5:00  Marine x2  
  60  5:02  SCV  
  60  5:04  Refinery  
  60  5:05  SCV, Engineering Bay  
  60  5:06  Refinery  
  60  5:10  Supply Depot  
  60  5:14  SCV  
  60  5:16  Supply Depot  
  60  5:17  SCV, Factory Reactor  
  60  5:19  Marine x2  
  64  5:26  SCV  
  65  5:29  Marauder, Stimpack  
  65  5:30  SCV, Starport Reactor  
  65  5:31  Supply Depot  
  65  5:35  Terran Infantry Weapons Level 1  
  68  5:37  Marine x2  
  68  5:38  SCV  
  68  5:39  Marauder  
  68  5:42  SCV  
  74  5:50  SCV  
  74  5:51  Combat Shield  
  74  5:53  Supply Depot  
  74  5:54  SCV  
  74  5:55  Marine  
  74  5:56  Widow Mine  
  79  5:57  Widow Mine  
  79  6:03  Marine, Marauder  
  85  6:06  Marauder  
  85  6:09  Medivac  
  88  6:12  SCV  
  88  6:14  Supply Depot, Medivac  
  91  6:19  Widow Mine  
  91  6:21  Widow Mine  
  95  6:26  Marine x2, Marauder  
  95  6:30  Supply Depot x2  
  95  6:31  Marauder  
  101  6:34  SCV  
  101  6:36  Supply Depot  
  101  6:38  SCV  
  102  6:43  Widow Mine x2, Marine  
  102  6:45  Medivac  
  109  6:51  Medivac  
  109  6:52  Marauder  
  113  7:00  Marine  
  113  7:01  Marauder  
  116  7:13  Marauder  
  115  7:21  Widow Mine x2, Marine x2  
  115  7:22  Marauder  
  110  7:25  Missile Turret  
  110  7:35  Marauder  
  108  7:39  Marine  
  108  7:40  Marine  
  108  7:42  Orbital Command  
  108  7:44  Marauder  
  111  7:51  Widow Mine  
  111  7:56  Marine  
  111  7:57  Marine  
  111  7:58  Marine  
  113  8:04  SCV  
  104  8:08  SCV  
  104  8:10  Marine  
  106  8:14  Marine  
  105  8:20  SCV  
  105  8:25  Marine  
Show
View Real Time Build Order
Export as new Build Order

TeebuL Protoss 

Build Orders: 1 Gate Expand, Blink Stalkers 

Get SALT Encoding   

  12  0:00  Probe  
  13  0:12  Probe  
  14  0:17  Pylon  
  14  0:24  Probe  
  15  0:36  Probe (Chrono Boost)  
  15  0:38  Gateway  
  16  0:48  Probe (Chrono Boost)  
  16  0:49  Assimilator  
  17  0:53  Probe (Chrono Boost)  
  18  1:02  Probe  
  19  1:15  Probe  
  20  1:26  Cybernetics Core  
  20  1:38  Nexus  
  20  1:43  Pylon  
  20  1:46  Probe  
  21  1:53  Assimilator  
  21  1:58  Probe  
  21  1:59  Adept (Chrono Boost)  
  22  2:05  Warp Gate  
  24  2:10  Probe  
  25  2:22  Stalker, Probe (Chrono Boost)  
  27  2:34  Probe (Chrono Boost)  
  28  2:40  Twilight Council  
  28  2:43  Probe (Chrono Boost)  
  29  2:49  Probe (Chrono Boost)  
  30  2:52  Probe (Chrono Boost)  
  31  3:04  Robotics Facility, Probe (Chrono Boost)  
  33  3:06  Probe (Chrono Boost)  
  33  3:10  Probe (Chrono Boost)  
  34  3:13  Probe  
  34  3:14  Gateway  
  34  3:15  Blink (Chrono Boost)  
  34  3:19  Probe  
  36  3:25  Probe  
  37  3:31  Probe  
  38  3:38  Probe  
  39  3:43  Probe  
  40  3:50  Probe  
  40  3:51  Observer  
  40  3:53  Nexus  
  40  3:55  Probe  
  43  4:00  Adept  
  43  4:02  Pylon  
  43  4:03  Probe  
  43  4:07  Probe  
  43  4:08  Assimilator  
  45  4:13  Assimilator, Observer  
  45  4:16  Pylon  
  46  4:20  Probe  
  46  4:21  Probe  
  46  4:23  Stalker  
  50  4:31  Stalker  
  52  4:33  Probe x2  
  54  4:45  Probe  
  55  4:53  Stalker  
  54  5:06  Probe  
  55  5:09  Probe  
  55  5:10  Observer  
  56  5:15  Probe  
  56  5:21  Gateway x2  
  57  5:22  Gateway  
  57  5:24  Charge (Chrono Boost), Probe  
  57  5:25  Gateway, Probe  
  59  5:29  Dark Shrine  
  60  5:37  Probe  
  60  5:38  Pylon  
  60  5:42  Forge  
  60  5:43  Stalker  
  60  5:44  Probe  
  62  5:50  Probe  
  62  5:52  Probe  
  62  5:53  Warp Prism (Chrono Boost)  
  62  5:56  Probe  
  67  5:59  Sentry  
  67  6:01  Observer  
  67  6:03  Shield Battery  
  69  6:09  Probe  
  70  6:15  Gateway  
  70  6:17  Pylon x2  
  70  6:29  Stalker x2, Zealot x2  
  70  6:30  Zealot  
  80  6:40  Probe x2  
  80  6:41  Probe  
  87  6:47  Immortal  
  87  6:49  Dark Templar  
  87  6:52  Dark Templar  
  91  6:54  Dark Templar  
  91  6:56  Sentry  
  91  6:57  Sentry  
  97  7:03  Zealot  
  99  7:08  Shield Battery  
  89  7:25  Stalker x4  
  89  7:26  Sentry x2  
  99  7:39  Dark Templar  
  92  7:51  Stalker x2  
  92  7:52  Stalker x2  
  97  8:05  Dark Templar  
  62  8:14  Dark Templar x2  
  57  8:20  Zealot x3  
  38  8:39  Zealot x2  
  42  8:43  Gateway x2  
Tags
 
Add a new tag
Caveats
  • Supply blocks, unpowered buildings, or Contaminate may cause inaccurate times.
  • Supply counts are checked every 10 seconds.